 Dungeon Crawl Stone Soup version 0.32-a0-999-gfa1cc04b1d (webtiles) character file.

Game seed: 6779197797760161468

131 protoss039 the Digger (level 4, 0/33 HPs)
             Began as a Demonspawn Earth Elementalist on Apr 24, 2024.
             Killed by divine providence
             ... invoked by an orc priest
              (17 damage)
             ... on level 4 of the Dungeon.
             The game lasted 00:03:28 (2702 turns).

protoss039 the Digger (DsEE)                        Turns: 2702, Time: 00:03:30

Health: 0/33       AC:  4    Str:  9    XL:     4   Next: 91%
Magic:  7/8        EV: 10    Int: 17    God:
Gold:   92         SH:  3    Dex: 13    Spells: 4/8 levels left

rFire   . . .        u - +0 dagger (speed)
rCold   . . .        q - +0 buckler
rNeg    . . .        a - +0 robe
rPois   .            (no helmet)
rElec   .            (no cloak)
rCorr   .            (no gloves)
SInv    .            (no boots)
Will    .....        (no amulet)
Stlth   ++           (no ring)
HPRegen 0.25/turn    (no ring)
MPRegen 0.11/turn

%: no passive effects
@: no status effects
A: claws 1, yellow scales 1, demonic guardian 1
a: Convert to Beogh


You were on level 4 of the Dungeon.
You visited 1 branch of the dungeon, and saw 4 of its levels.

You collected 92 gold pieces.

Inventory:

Hand Weapons
 u - a +0 dagger of speed (weapon)
Armour
 a - a +0 robe (worn)
 o - the +2 chain mail of Winter {rF+ Int+3}
   (You found it on level 2 of the Dungeon)

   Int+3:     It affects your intelligence (+3).
   rF+:       It protects you from fire.
 q - a +0 buckler (worn)
Magical Staves
 m - a staff of fire
Scrolls
 c - 2 scrolls of identify {unknown}
 d - a scroll of butterflies {unknown}
 e - a scroll of teleportation {unknown}
 g - a scroll of revelation {unknown}
 h - a scroll of blinking {unknown}
 p - a scroll of fear {unknown}
 r - a scroll of enchant weapon {unknown}
Potions
 b - a potion of magic
 f - a potion of degeneration {unknown}
 j - a potion of enlightenment {unknown}
 k - a potion of might {unknown}
 l - a potion of cancellation {unknown}
 n - a potion of heal wounds {unknown}
 s - a potion of berserk rage {unknown}
 t - a potion of mutation {unknown}


   Skills:
 + Level 2.2 Fighting
 + Level 1.0 Armour
 * Level 2.3 Dodging
 - Level 1.7 Stealth
 + Level 2.8 Spellcasting
 - Level 1.0 Conjurations
 + Level 3.4 Earth Magic


You had 4 spell levels left.
You knew the following spells:

 Your Spells              Type           Power      Damage    Failure   Level
a - Sandblast             Erth           28%        2d8       7%          1
b - Passwall              Erth           14%        N/A       21%         3

Your spell library contained the following spells:

 Spells                   Type           Power      Damage    Failure   Level
 Foxfire                  Conj/Fire      16%        2x1d4     22%         1
 Stone Arrow              Conj/Erth      20%        3d8       32%         3
 Brom's Barrelling Bould  Conj/Erth      10%        2d3       73%         4
 Petrify                  Alch/Erth      8%         N/A       80%         4
 Animate Dead             Necr           2%         N/A       95%         4
 Borgnjor's Vile Clutch   Necr/Erth      4%         N/A       98%         5
 Death Channel            Necr           1%         N/A       100%        6
 Plasma Beam              Fire/Air       1%         2x1d11    100%        6
 Starburst                Conj/Fire      2%         6d3       100%        6


Dungeon Overview and Level Annotations

Branches:
Dungeon (4/15) Zot: 21258  Temple (0/1) D:4

Altars:

Shops:
D:2 *


Innate Abilities, Weirdness & Mutations

You have sharp fingernails.
You are partially covered in yellow scales. (AC +2)
A weak demonic guardian rushes to your aid.


Message History

You hit the orc priest but do no damage.
The orc priest is moderately wounded.
You hit the orc priest but do no damage.
The orc priest shouts, "The Pantheon deserves no one's loyalty.
Let us show you the true path!"
The orc priest is moderately wounded.
The orc priest closely misses you.
The orc priest shouts, "Surrender to Beogh and we'll let you live!"
You hit the orc priest.
The orc priest is moderately wounded.
The orc priest hits you but does no damage.
You hit the orc priest but do no damage.
The orc priest is moderately wounded.
You hit the orc priest but do no damage.
The orc priest is moderately wounded.
The orc priest barely misses you.
You hit the orc priest but do no damage.
The orc priest is moderately wounded.
The orc priest hits you with a +0 mace.
You completely miss the orc priest.
The orc priest is moderately wounded.
The orc priest shouts, "Surrender to Beogh and we'll let you live!"
You hit the orc priest but do no damage.
The orc priest is moderately wounded.
The orc priest closely misses you.
You closely miss the orc priest.
The orc priest is moderately wounded.
You block the orc priest's attack.
You hit the orc priest but do no damage.
The orc priest is moderately wounded.
The orc priest hits you with a +0 mace.
You hit the orc priest.
The orc priest shouts, "The Pantheon deserves no one's loyalty.
Let us show you the true path!"
The orc priest is heavily wounded.
You closely miss the orc priest.
The orc priest shouts, "Surrender to Beogh and we'll let you live!"
The orc priest is heavily wounded.
The orc priest calls down the wrath of Beogh upon you.
Beogh smites you!
Ouch! That really hurt!
You die...

########
#......#
#.....<#
#......#
+......#
#......#
####.@##
#.o# .....
......>.
...###.##..
.. #. ..# .
.. ..# ..
.#


You could see an orc priest.

Vanquished Creatures
  A bombardier beetle (D:3)
  3 adders
  A ribbon worm (D:3)
  2 dart slugs
  7 ball pythons
  6 endoplasms
  3 giant cockroaches
  6 hobgoblins
  3 jackals (D:3)
  6 kobolds
  3 quokkas
  4 bats
  4 frilled lizards
  7 goblins
  5 rats
61 creatures vanquished.

Vanquished Creatures (others)
  A ball python (D:1)
1 creature vanquished.

Grand Total: 62 creatures vanquished

Notes
Turn   | Place    | Note
-------+----------+-------------------------------------------
     0 | D:1      | protoss039 the Demonspawn Earth Elementalist began the
                  | quest for the Orb.
     0 | D:1      | Reached XP level 1. HP: 13/13 MP: 3/3
    36 | D:1      | Noticed an eye of devastation
    40 | D:1      | Found a faded altar of an unknown god.
    43 | D:1      | Noticed a shining eye
    43 | D:1      | Noticed a shining eye
    43 | D:1      | Noticed a great orb of eyes
   105 | D:1      | You fall into a shaft and drop 1 floor!
   117 | D:2      | Reached skill level 1 in Fighting
   117 | D:2      | Gained mutation: You are partially covered in yellow
                  | scales. (AC +2) [demonic ancestry]
   117 | D:2      | Reached XP level 2. HP: 15/21 MP: 0/5
   217 | D:2      | Reached skill level 3 in Earth Magic
   463 | D:2      | Found Joedwelo's Assorted Antiques.
   465 | D:2      | Gained mutation: A weak demonic guardian rushes to your
                  | aid. [demonic ancestry]
   465 | D:2      | Reached XP level 3. HP: 26/26 MP: 4/6
   479 | D:1      | Learned a level 3 spell: Passwall
  1640 | D:2      | Identified the +2 chain mail of Winter {rF+ Int+3}
  2009 | D:3      | Gained mutation: You have sharp fingernails. [demonic
                  | ancestry]
  2009 | D:3      | Reached XP level 4. HP: 33/33 MP: 6/8
  2242 | D:3      | HP: 1/33 [burnt (3)]
  2516 | D:3      | Reached skill level 1 in Armour
  2681 | D:4      | Found a staircase to the Ecumenical Temple.
  2702 | D:4      | Killed from afar by an orc priest

Illustrated notes

Levels and vault maps discovered:
D:1:      lightli_arrival_statue_moat, layout_loops_ring,
          hellmonk_ecumenical_altar_watching_god, bh_walls_and_bars
D:2:      layout_basic, serial_shops, shop
D:3:      layout_basic, hangedman_decor_lopped
D:4:      layout_gridville, minmay_temple_entry_proselytizer, serial_shops,
          nicolae_shop_rolled_up, shop

Skill      XL: |  1  2  3  4 |
---------------+-------------+-----
Fighting       | 1 2 |  2.2
Earth Magic    | 3 |  3.4
Dodging        | 2 |  2.3
Armour         | 1 |  1.0
Stealth        | |  1.7
Spellcasting   | |  2.8
Conjurations   | |  1.0

Action                     |  1- 3 |  4- 6 || total
---------------------------+-------+-------++-------
  Melee: Dagger            |    13 |    26 ||    39
         Unarmed           |     2 |       ||     2
   Cast: Sandblast         |    58 |    31 ||    89
    Use: Potion            |       |     2 ||     2
   Stab: Sleeping          |     1 |       ||     1
 Armour: Robe              |    27 |    11 ||    38
  Dodge: Dodged            |    31 |    10 ||    41
  Block: Buckler           |       |     3 ||     3

Table legend: (Time is in decaauts)
 A = Elapsed time spent in this place.
 B = Non-inter-level travel time spent in this place.
 C = Inter-level travel time spent in this place.
 D = Time resting spent in this place.
 E = Time spent auto-exploring this place.
 F = Levels seen in this place.
 G = Mean time per level.
                   A        B        C        D        E       F      G
               +--------+--------+--------+--------+--------+-----+--------+
         Total |   2740 |   2558 |    182 |     91 |   2075 |   4 |  685.0 |
       Dungeon |   2740 |   2558 |    182 |     91 |   2075 |   4 |  685.0 |
               +--------+--------+--------+--------+--------+-----+--------+

Top non-repeatable levels by time:
     D:3: 920 daAuts
     D:2: 914 daAuts
     D:1: 886 daAuts
     D:4: 18 daAuts
